Map: [ESL] Alcyone

Players

ByuN - Winner!

  • Race: Terran Terran
  • Spawn Location: 1:00

Reynor

  • Race: Zerg Zerg
  • Spawn Location: 7:00

Event: ESL SC2 Masters 2023 Winter (Finals)

VOD

Have the link to the VOD?

Description

Time

  • Played on: Dec. 15, 2023, 3:17 p.m.
  • Length: 4:34

All games in this series

Show
View Real Time Build Order
Export as new Build Order

ByuN Terran - Winner!

Build Orders: 2 Factory, Cyclone Opening 

Get SALT Encoding   

  12  0:00  SCV  
  13  0:12  SCV  
  14  0:17  Supply Depot  
  14  0:24  SCV  
  15  0:39  SCV  
  15  0:40  Barracks  
  16  0:43  Refinery  
  16  0:51  SCV  
  16  0:53  Refinery  
  17  1:03  SCV  
  18  1:15  SCV  
  19  1:27  Marine  
  19  1:32  Factory  
  20  1:33  Orbital Command  
  20  1:44  Marine  
  21  1:49  Factory  
  21  1:59  SCV  
  22  2:02  Barracks Reactor  
  22  2:09  Supply Depot  
  22  2:11  SCV  
  23  2:17  Factory Reactor  
  23  2:31  Supply Depot, SCV  
  24  2:41  Cyclone x2  
  24  2:43  SCV  
  29  2:54  Cyclone  
  29  2:55  Cyclone  
  33  3:01  Supply Depot  
  34  3:13  Cyclone  
  34  3:15  Cyclone  
  38  3:26  Cyclone  
  39  3:27  Cyclone  
  39  3:33  Supply Depot  
  41  3:45  Cyclone  
  41  3:47  Cyclone  
  45  3:58  Cyclone  
Show
View Real Time Build Order
Export as new Build Order

Reynor Zerg 

Build Orders: Hatch First 

Get SALT Encoding   

  12  0:00  Drone  
  13  0:07  Drone  
  14  0:14  Extractor  
  14  0:15  Drone  
  15  0:37  Hatchery  
  15  0:41  Extractor  
  15  0:42  Drone  
  15  0:47  Overlord  
  15  1:02  Spawning Pool  
  14  1:06  Drone  
  14  1:09  Drone  
  16  1:13  Drone  
  16  1:17  Drone  
  18  1:27  Extractor, Drone  
  18  1:38  Drone  
  19  1:49  Queen x2  
  19  1:50  Drone x2  
  25  2:01  Drone  
  25  2:02  Overlord  
  26  2:10  Overlord  
  26  2:12  Drone  
  27  2:21  Drone x2  
  29  2:28  Queen x2  
  33  2:33  Drone x2  
  35  2:42  Overlord  
  35  2:44  Drone  
  36  2:53  Hatchery  
  36  2:54  Drone  
  36  3:01  Drone x3  
  36  3:03  Drone  
  40  3:10  Roach Warren  
  40  3:11  Drone  
  40  3:16  Overlord  
  40  3:18  Drone  
  41  3:20  Drone  
  41  3:21  Drone  
  41  3:25  Drone  
  44  3:35  Overlord  
  44  3:40  Drone x4  
  48  3:43  Extractor  
  48  3:46  Queen  
  48  3:47  Drone  
  50  3:51  Evolution Chamber  
  50  3:55  Drone x4  
  52  4:02  Roach  
  55  4:05  Overlord  
  55  4:07  Roach  
  57  4:10  Spine Crawler  
  57  4:11  Spine Crawler  
  57  4:13  Overlord  
  55  4:20  Roach Warren  
Tags
 
Add a new tag
Caveats
  • Supply blocks, unpowered buildings, or Contaminate may cause inaccurate times.
  • Supply counts are checked every 10 seconds.